 Dungeon Crawl Stone Soup version 0.26-a0-665-gefeb406119 (webtiles) character file.

Game seed: 6915816519496461020

1836864 Flugkiller the Warrior (level 25, 275/275 HPs)
             Began as a Troll Fighter on Oct 13, 2020.
             Was an Initiate of Gozag.
             Escaped with the Orb
             ... and 3 runes on Oct 14, 2020!
             The game lasted 01:58:14 (55207 turns).

Flugkiller the Warrior (Troll Fighter)             Turns: 55207, Time: 01:58:15

Health: 275/275    AC: 36    Str: 32    XL:     25   Next: 25%
Magic:  22/22      EV: 19    Int:  5    God:    Gozag
Gold:   5198       SH: 30    Dex: 15    Spells: 24/24 levels left

rFire    + . .     SeeInvis +     - Unarmed
rCold    + + .     Faith    .   V - +8 tower shield {AC+3}
rNeg     + + +     Spirit   .   M - +3 gold dragon scales
rPois    +         Reflect  .   G - +2 hat {SInv}
rElec    +         Harm     .   I - +2 cloak {MR+}
rCorr    .         Rampage  .   (gloves unavailable)
MR       ++...                  (boots unavailable)
Stlth    ..........             O - amulet "Vauthre" {rC+ rN+++ Regen+ Int-2 Dex+2}
HPRegen  1.35/turn              B - ring "Vutz" {Wiz rElec Stlth+}
MPRegen  0.18/turn              b - ring of Phasing {EV+8}

@: mighty, very slightly contaminated, bezotted
A: large, unfitting armour, antennae 1, claws 3, icy blue scales 1, regeneration
1, shaggy fur 1, tough skin 3
0: Orb of Zot
}: 3/15 runes: serpentine, barnacled, silver
a: Potion Petition, Call Merchant, Bribe Branch, Renounce Religion


You escaped.
You worshipped Gozag.
Gozag was greatly pleased with you.
You visited 9 branches of the dungeon, and saw 47 of its levels.
You visited 1 bazaar.
You also visited: Ossuary, Gauntlet, Ice Cave and Volcano.

You collected 27733 gold pieces.
You spent 9073 gold pieces at shops.
You paid 13462 gold pieces to Gozag.

Inventory:

Missiles
 d - 147 large rocks
 H - 6 throwing nets (quivered)
 U - 39 silver javelins
Armour
 G - a +2 hat of see invisible (worn)
   (You bought it in a shop on level 2 of the Orcish Mines)
 I - a +2 cloak of magic resistance (worn)
   (You bought it in a shop on level 1 of the Snake Pit)
 M - +3 gold dragon scales (worn)
   (You acquired it on level 1 of the Depths)
 V - a +8 tower shield of protection (worn)
   (You acquired it on level 2 of the Orcish Mines)
 W - a +2 robe of magic resistance
   (You took it off an orc sorcerer on level 2 of the Orcish Mines)
Jewellery
 b - the ring of Phasing (right claw) {EV+8}
   (You bought it in a shop in a bazaar)

   [ring of evasion]

   It affects your evasion (+8).
 m - a +4 ring of evasion
   (You bought it in a shop in a bazaar)
 o - an uncursed ring of fire
   (You found it on level 6 of the Lair of Beasts)
 B - the ring "Vutz" (left claw) {Wiz rElec Stlth+}
   (You found it on level 7 of the Dungeon)

   [ring of wizardry]

   It improves your spell success rate.
   It insulates you from electricity.
   It makes you more stealthy.
 O - the amulet "Vauthre" (around neck) {rC+ rN+++ Regen+ Int-2 Dex+2}
   (You found it in a Gauntlet)

   [amulet of regeneration]

   It affects your intelligence (-2).
   It affects your dexterity (+2).
   It protects you from cold.
   It renders you almost immune to negative energy.
   It increases your rate of regeneration.
Wands
 a - a wand of enslavement (11)
   (You took it off an orc on level 2 of the Orcish Mines)
 i - a wand of flame (64)
   (You found it on level 12 of the Dungeon)
 v - a wand of polymorph (23)
   (You found it on level 5 of the Dungeon)
 z - a wand of disintegration (22)
   (You found it on level 5 of the Lair of Beasts)
 C - a wand of digging (9)
   (You found it on level 1 of the Vaults)
 F - a wand of iceblast (7)
   (You took it off a deep elf mage on level 1 of the Vaults)
 L - a wand of paralysis (9)
   (You found it on level 13 of the Dungeon)
 Y - a wand of acid (7)
   (You found it on level 3 of the Shoals)
Scrolls
 f - 6 scrolls of magic mapping
 g - 4 scrolls of fear
 h - a scroll of silence
 j - 26 scrolls of remove curse
 k - 15 scrolls of teleportation
 n - 3 scrolls of immolation
 t - 3 scrolls of vulnerability
 u - 8 scrolls of blinking
 x - 7 scrolls of fog
 D - 2 scrolls of summoning
 S - a scroll of holy word
 Z - 8 scrolls of identify
Potions
 c - 4 potions of might
 l - 4 potions of cancellation
 p - 2 potions of mutation
 q - 5 potions of haste
 r - 13 potions of curing
 E - 5 potions of invisibility
 J - 4 potions of berserk rage
 Q - 3 potions of resistance
 R - 7 potions of heal wounds
 T - 2 potions of flight
Miscellaneous
 e - a tin of tremorstones (3/3)
   (You bought it in a shop on level 1 of the Snake Pit)
 s - a phial of floods
   (You found it on level 1 of the Vaults)
 y - a condenser vane (2/2)
   (You found it on level 4 of the Vaults)
 N - a phantom mirror
   (You found it on level 5 of the Lair of Beasts)
 P - a box of beasts (3/3)
   (You bought it in a shop on level 1 of the Snake Pit)


   Skills:
 - Level 20.4 Fighting
 - Level 18.0 Throwing
 - Level 12.0 Armour
 - Level 13.2 Dodging
 - Level 15.0 Shields
 + Level 20.3 Unarmed Combat
 - Level 10.0 Evocations


You had 24 spell levels left.
You didn't know any spells.
Your spell library contained the following spells:

 Spells                   Type           Power        Failure   Level
 Corona                   Hex            #......      97%         1
 Magic Dart               Conj           #...         97%         1
 Blink                    Tloc           N/A          99%         2
 Call Imp                 Summ           #.......     99%         2
 Ensorcelled Hibernation  Hex/Ice        #.....       99%         2
 Poisonous Vapours        Pois/Air       #.....       99%         2
 Slow                     Hex            #.......     99%         2
 Call Canine Familiar     Summ           #.......     100%        3
 Confusing Touch          Hex            #.......     100%        3
 Conjure Flame            Conj/Fire      #.......     100%        3
 Dazzling Flash           Conj/Hex       #.....       100%        3
 Gell's Gravitas          Tloc           #.........   100%        3
 Ignite Poison            Fire/Tmut/Pois #.......     100%        3
 Lesser Beckoning         Tloc           #.........   100%        3
 Mephitic Cloud           Conj/Pois/Air  #.......     100%        3
 Portal Projectile        Hex/Tloc       #.....       100%        3
 Spider Form              Tmut/Pois      #.........   100%        3
 Stone Arrow              Conj/Erth      #.....       100%        3
 Summon Guardian Golem    Hex/Summ       #.......     100%        3
 Teleport Other           Tloc           #.......     100%        3
 Tukima's Dance           Hex            #.......     100%        3
 Dispel Undead            Necr           #.......     100%        4
 Leda's Liquefaction      Hex/Erth       #.........   100%        4
 Passage of Golubria      Tloc           N/A          100%        4
 Petrify                  Tmut/Erth      #.......     100%        4
 Summon Lightning Spire   Summ/Air       #.......     100%        4
 Agony                    Necr           #.......     100%        5
 Blade Hands              Tmut           #.........   100%        5
 Bolt of Magma            Conj/Fire/Erth #.........   100%        5
 Borgnjor's Vile Clutch   Necr/Erth      #.........   100%        5
 Fireball                 Conj/Fire      #.........   100%        5
 Lightning Bolt           Conj/Air       #.........   100%        5
 Metabolic Englaciation   Hex/Ice        #.........   100%        5
 Silence                  Hex/Air        #.........   100%        5
 Conjure Ball Lightning   Conj/Air       #.........   100%        6
 Dispersal                Tloc           #.........   100%        6
 Hydra Form               Tmut           #.........   100%        6
 Iron Shot                Conj/Erth      #.........   100%        6
 Shadow Creatures         Summ           N/A          100%        6
 Starburst                Conj/Fire      #.........   100%        6
 Statue Form              Tmut/Erth      #........    100%        6
 Malign Gateway           Summ/Tloc      #.........   100%        7
 Disjunction              Tloc           #.........   100%        8
 Ignition                 Fire           #.........   100%        8
 Shatter                  Erth           #.........   100%        9
 Tornado                  Air            #.........   100%        9


Dungeon Overview and Level Annotations

Branches:
Dungeon (15/15)            Temple (0/1) D:7            Lair (6/6) D:11
 Shoals (4/4) Lair:4        Snake (4/4) Lair:3        Slime (0/5) Lair:5
    Orc (2/2) D:12            Elf (0/3) Orc:2        Vaults (5/5) D:13
  Crypt (1/3) Vaults:3     Depths (5/5) D:15            Zot (5/5) Depths:5
Ossuary (visited)           IceCv (visited)         Volcano (visited)
Gauntlet (visited)

Altars:
Cheibriados
Dithmenos
Elyvilon
Fedhas
Gozag
Hepliaklqana
Kikubaaqudgha
Okawaru
Ru
Sif Muna
Uskayaw
Vehumet
Wu Jian
Xom
Yredelemnul
The Shining One
Beogh
Jiyva

Shops:
D:5 (   Orc:2 ??[(::!!   Snake:1 }}=*   Vaults:1 !   Vaults:2 [   Vaults:5 :}:?
Depths:4 =

Portals:
Hell: Depths:1 Depths:2 Depths:3 Depths:4 Depths:5
Abyss: Depths:1 Depths:4
Pandemonium: Depths:3
Ziggurat: Depths:2
Trove: D:11 (give 4 potions of resistance)

Annotations:
D:13 Tytiucw's ghost, journeyman OgTm
Lair:1 1 runed translucent door, anet's ghost, journeyman GnMo
Lair:6 exclusion: oklob plant
Vaults:1 3 runed translucent doors, Ucis's ghost, adept GrEE


Innate Abilities, Weirdness & Mutations

You are too large for most types of armour.
You have claws for hands.
Your natural rate of healing is unusually fast.
You are covered in fur. (AC +1)
You have extremely tough skin. (AC +3)
You have a pair of small antennae on your head.
You are partially covered in icy blue scales. (AC +2)


Message History

You climb upwards.
There is a stone staircase leading down here.
You see here a frilled lizard skeleton.
A Tzitzimitl comes into view.
The Tzitzimitl roars!
You feel yourself speed up.
You feel very mighty all of a sudden.
You fade into invisibility!
You are very lightly contaminated with residual magic.
Unknown command.
The Tzitzimitl calls on the powers of darkness!
Your body is wracked with pain!
The Tzitzimitl engulfs you but does no damage.
The Tzitzimitl completely misses you.
You eviscerate the Tzitzimitl!!!!
The Tzitzimitl is almost dead.
You mangle the Tzitzimitl!!
You kill the Tzitzimitl!
You now have 5194 gold pieces (gained 16).
You feel much better.
You feel much better.
You feel much better.
Unknown command.
There is an open door here.
You feel very buoyant.
You fly up into the air.
Unknown command.
A lorocyproca comes into view.
The lorocyproca gives a chilling moan.
You eviscerate the lorocyproca!!!
The lorocyproca is severely wounded.
You block the lorocyproca's attack.
You eviscerate the lorocyproca!!!
You kill the lorocyproca!
No target in view!
You now have 5198 gold pieces (gained 4).
Your extra speed is starting to run out.
There is an open door here.
You feel yourself slow down.
You are starting to lose your buoyancy.
Are you sure you want to fly over deep water while you are losing your buoyancy? [Y]es or [N]o only, please.
Are you sure you want to fly over deep water while you are losing your buoyancy?
You flicker for a moment.
You float gracefully downwards.
There is an open door here.
There is a staircase leading out of the dungeon here.
Enter note: gg You flicker back into view.
You have escaped!

........###...........##.#
........##..'########..#.##
........#..##.......##....#
..........##.#######.##...#
.........##.##...≈.##.##..#
.........#.##.#####.##.#..#
#####.#..#.#..#...##.#.#..#
#.#..#≈#)#.###.#.#.#..#
#.#..#.#.#.#@#≈#.#.#..#
#.#..#.#.#.#'#.#.#.#..#
#.#..#.#.##...##.'.#.##
#.#..#.##.#####.##.#{#
#####.#..##.##.....##.##.#
......#)..'#.#######.##{{#
#######.#..##.......##.{##
#.....##.)#########{..#
#.#######...........#.#


There were no monsters in sight!

Vanquished Creatures
  2 ancient liches
  A juggernaut (Depths:4)
  Sojobo (Depths:1)
  2 Killer Klowns (Zot:2)
  Margery (Vaults:2)
  Saint Roka (Snake:3)
  2 curse toes (Zot:1)
  4 golden dragons
  4 bone dragons
  3 Tzitzimimeh
  Nikola (Snake:2)
  3 Orb Guardians (Zot:5)
  6 liches
  Jorgrun (Shoals:2)
  7 tentacled monstrosities
  2 quicksilver dragons
  A titan (Vaults:5)
  4 death cobs (Zot:1)
  2 Executioners
  2 sphinxes
  2 krakens
  Polyphemus (Shoals:2)
  Kirke (D:12)
  5 storm dragons
  13 shadow dragons
  Ilsuiw (Shoals:4)
  8 tengu reavers
  2 draconian knights (Zot:2)
  A draconian monk (Zot:1)
  2 iron dragons (Vaults:5)
  11 nagarajas
  4 fire giants
  16 vault wardens
  10 frost giants
  The ghost of Wuicud the Covert, a journeyman OpVM of Hepliaklqana (D:13)
  2 draconian scorchers (Depths:5)
  Aizul (Vaults:1)
  3 deep elf sorcerers (Vaults:5)
  A draconian shifter (Zot:4)
  A juggernaut zombie (Depths:3)
  A ghost moth (Zot:4)
  13 ironheart preservers
  A caustic shrike skeleton (Depths:3)
  A caustic shrike zombie (Depths:3)
  A draconian stormcaller (Zot:2)
  4 reapers (Depths:3)
  A draconian annihilator (Zot:4)
  3 entropy weavers
  23 stone giants
  23 very ugly things
  A spriggan defender (Depths:4)
  8 vampire knights
  6 green draconians
  6 black draconians
  2 deep elf demonologists
  2 lorocyprocas
  6 dire elephants (Lair:6)
  4 purple draconians
  7 red draconians
  2 white draconians
  4 yellow draconians
  8 deep elf death magi
  13 ettins
  4 merfolk javelineers
  13 fire dragons
  A deep elf high priest (Vaults:5)
  18 merfolk impalers
  2 jiangshi (Depths:4)
  16 yaktaur captains
  The ghost of Inwiecun the Cleaver, a journeyman GrFi of Okawaru (D:12)
  Harold (Lair:2)
  5 rakshasas
  5 great orbs of eyes
  13 naga warriors
  19 ogre magi
  22 vault guards (Vaults:5)
  9 ice dragons
  An ice dragon (shapeshifter) (Vaults:5)
  11 centaur warriors
  A catoblepas (shapeshifter) (Vaults:1)
  5 hydras
  4 death knights
  8 boulder beetles
  2 merfolk avatars
  5 catoblepae
  A quicksilver dragon skeleton (Depths:3)
  An alligator snapping turtle (Shoals:4)
  40 two-headed ogres
  14 anacondas
  2 satyrs (Shoals:4)
  4 merfolk aquamancers
  14 death yaks
  5 deep troll shamans
  A storm dragon zombie (Depths:3)
  3 tengu warriors
  A spriggan berserker (Depths:1)
  4 deep troll earth magi
  5 shock serpents
  7 soul eaters
  Nergalle (Orc:2)
  A sun demon (Zot:1)
  A vampire mage (Depths:4)
  5 hell knights
  A deep elf knight (Vaults:3)
  9 naga sharpshooters
  3 death drakes
  4 shadow wraiths
  A spark wasp zombie (Depths:3)
  3 shadow demons (Depths:4)
  A storm dragon skeleton (Zot:1)
  6 unseen horrors
  8 sea snakes
  7 salamander mystics
  2 golden dragon zombies (Depths:3)
  A kraken simulacrum (Shoals:4)
  3 deep elf archers
  8 glowing orange brains
  A shadow dragon zombie (Depths:3)
  A swamp dragon (D:10)
  8 wizards
  3 flayed ghosts
  21 deep trolls
  11 ironbrand convokers
  3 phantasmal warriors
  9 naga ritualists
  17 harpies
  A wolf spider zombie (D:15)
  11 mana vipers
  A harpy (shapeshifter) (Depths:2)
  2 sphinx zombies (Depths:3)
  11 orc knights
  9 necromancers
  19 deep elf magi
  An iron dragon zombie (Depths:3)
  3 human zombies
  10 orc sorcerers
  A faun (shapeshifter) (Gauntlet)
  5 wolf spiders
  5 fauns
  9 cyclopes
  A draconian zombie (Zot:1)
  2 fire giant zombies (Depths:3)
  2 sphinx skeletons (Depths:3)
  44 ugly things
  6 moths of wrath
  20 manticores
  21 salamanders
  10 elephants
  A smoke demon (Zot:5)
  An elephant (shapeshifter) (Vaults:5)
  6 merfolk sirens
  6 guardian serpents
  A rust devil (Depths:1)
  2 spriggan zombies (Depths:3)
  11 water nymphs
  18 naga magi
  An ice statue (Gauntlet)
  A gargoyle (D:10)
  40 black mambas
  12 cane toads
  A rime drake (shapeshifter) (D:15)
  A torpor snail (shapeshifter) (Depths:3)
  A torpor snail (Lair:6)
  8 vault sentinels
  2 rime drakes
  An efreet (D:14)
  48 yaktaurs
  2 ice devils
  15 komodo dragons
  11 freezing wraiths
  A komodo dragon (shapeshifter) (Vaults:4)
  A spark wasp simulacrum (Depths:3)
  26 merfolk
  2 merfolk (shapeshifter)
  11 trolls
  A tengu conjurer (Depths:1)
  5 polar bears
  A sphinx simulacrum (Depths:3)
  A tengu simulacrum (Depths:3)
  A raiju (shapeshifter) (Depths:2)
  8 wind drakes
  7 blink frogs
  An iron dragon simulacrum (Depths:3)
  14 slime creatures
  5 hornets
  5 large abominations
  8 snapping turtles
  A dream sheep (Lair:5)
  Sigmund (D:3)
  7 redbacks (Vaults:4)
  10 water elementals
  2 centaur simulacra (D:15)
  A spriggan (shapeshifter) (Vaults:2)
  9 shadows
  A yak (shapeshifter) (Lair:2)
  62 yaks
  A redback (shapeshifter) (Depths:4)
  An elf zombie (Depths:3)
  3 fire bats (Volcano)
  5 wraiths
  2 vampires
  3 wyverns
  4 hogs
  4 basilisks
  2 vampire mosquitoes (D:12)
  A chaos spawn (Depths:1)
  6 wargs
  55 nagas
  A steam dragon (D:10)
  A warg (shapeshifter) (Gauntlet)
  A soldier ant (shapeshifter) (Vaults:5)
  2 acid dragons
  2 hell hounds (Volcano)
  A floating eye (Depths:2)
  16 water moccasins
  A swamp drake (Orc:2)
  A human skeleton (Depths:3)
  6 ice beasts
  A black bear (shapeshifter) (Vaults:1)
  A boulder beetle simulacrum (Vaults:1)
  4 elf skeletons
  A floating eye (shapeshifter) (Vaults:5)
  35 orc warriors
  2 eyes of draining
  2 necrophages (D:13)
  7 sky beasts
  48 ogres
  2 black bears
  A phantom (D:11)
  9 boggarts
  11 wolves
  28 centaurs
  2 big kobolds
  A glowing shapeshifter simulacrum (Depths:3)
  A water moccasin zombie (Ossuary)
  23 bullfrogs
  2 wyvern skeletons (D:13)
  8 small abominations (Depths:1)
  3 scorpions
  13 killer bees
  5 howler monkeys
  11 wights
  5 electric eels
  A crimson imp (Orc:2)
  6 hounds
  A bullfrog zombie (D:10)
  6 centaur zombies
  21 orc priests
  A wyvern simulacrum (D:9)
  A yaktaur simulacrum (Vaults:1)
  5 bullfrog skeletons
  5 centaur skeletons
  3 jellies
  47 orc wizards
  2 iron imps
  2 iguanas
  13 worker ants
  3 big kobold zombies (Ossuary)
  A bullfrog simulacrum (D:9)
  A hound skeleton (D:4)
  2 mummies (Ossuary)
  A howler monkey zombie (D:5)
  3 gnolls (D:7)
  A howler monkey skeleton (D:11)
  16 adders
  3 shadow imps
  25 white imps
  12 ufetubi
  An adder skeleton (D:5)
  5 adder zombies (Ossuary)
  6 worms
  2 dart slugs
  6 leopard geckos
  95 orcs
  A ball python (D:3)
  8 bats
  4 giant cockroaches
  3 gnoll zombies (Ossuary)
  6 goblins
  5 hobgoblins
  6 jackals
  6 quokkas
  6 frilled lizards
  4 goblin skeletons
  A goblin zombie (D:6)
  4 hobgoblin zombies
  21 kobolds
  2 kobold skeletons (D:6)
  4 kobold zombies
  2 orc zombies
  A quokka zombie (D:7)
  6 rats
  7 tentacles
1998 creatures vanquished.

Vanquished Creatures (collateral kills)
  2 Killer Klowns (Zot:5)
  A golden dragon (Zot:5)
  2 electric golems (Zot:5)
  9 Orb Guardians (Zot:5)
  A tentacled monstrosity (Zot:5)
  A shadow dragon (Zot:5)
  A vault warden (Vaults:1)
  The ghost of Afuzoer the Protected, a journeyman TrDe of the Shining One (D:13)
  A merfolk impaler (Shoals:4)
  A hydra (Lair:6)
  A merfolk siren (Shoals:4)
  A komodo dragon (Lair:6)
  A freezing wraith (Vaults:1)
  2 yaktaurs (Vaults:1)
  2 merfolk (Shoals:4)
  An orc wizard (Orc:2)
28 creatures vanquished.

Vanquished Creatures (others)
  3 ancient liches (Zot:5)
  2 orbs of fire (Zot:5)
  2 Killer Klowns (Zot:5)
  8 Orb Guardians (Zot:5)
  A storm dragon (Zot:5)
  A fire giant (Depths:4)
  A draconian shifter (Zot:5)
  An ironheart preserver (Vaults:5)
  A green draconian (Zot:5)
  2 red draconians (Zot:5)
  2 white draconians (Zot:5)
  2 anacondas (Snake:1)
  A two-headed ogre (Volcano)
  2 dancing weapons (Vaults:5)
  An unseen horror (D:13)
  A deep elf mage (Vaults:2)
  2 moths of wrath
  A black mamba (Snake:3)
  A yaktaur (Vaults:5)
  A human (D:13)
  A yak (D:9)
  A naga (Snake:3)
  An ogre (Vaults:4)
  A wyvern skeleton (D:13)
  An orc wizard (Orc:2)
  A worker ant (D:10)
  A white imp (IceCv)
  2 ufetubi (IceCv)
  3 orcs (Orc:2)
  37 fungi
  162 plants
  23 tentacles
  3 toadstools (D:6)
  A withered plant (Gauntlet)
274 creatures vanquished.

Grand Total: 2300 creatures vanquished

Notes
Turn   | Place    | Note
-------+----------+-------------------------------------------
     0 | D:1      | Flugkiller the Troll Fighter began the quest for the Orb.
     0 | D:1      | Reached XP level 1. HP: 22/22 MP: 0/0
     0 | D:1      | Upgraded the game from 0.26-a0-664-gc8b27b8fc1 to
                  | 0.26-a0-665-gefeb406119
   267 | D:1      | Reached XP level 2. HP: 29/29 MP: 1/1
   982 | D:2      | Reached XP level 3. HP: 36/36 MP: 2/2
  1133 | D:2      | Found a shimmering altar of Xom.
  1693 | D:2      | Reached XP level 4. HP: 44/44 MP: 3/3
  1930 | D:3      | Noticed Sigmund
  2137 | D:3      | Reached skill level 5 in Unarmed Combat
  2144 | D:3      | Reached XP level 5. HP: 50/50 MP: 4/4
  2159 | D:3      | Found an opulent altar of Gozag.
  2178 | D:3      | You fall into a shaft and drop 1 floor!
  2217 | D:3      | Became a worshipper of Gozag Ym Sagoz the Greedy
  2282 | D:3      | Killed Sigmund
  2282 | D:3      | Reached XP level 6. HP: 46/59 MP: 5/5
  3284 | D:5      | Entered Level 5 of the Dungeon
  3335 | D:5      | Found Otzuicre's Antique Weapon Emporium.
  3549 | D:5      | Found a snail-covered altar of Cheibriados.
  3549 | D:5      | Found a white marble altar of Elyvilon.
  3549 | D:5      | Found an iron altar of Okawaru.
  3603 | D:5      | Reached XP level 7. HP: 66/66 MP: 6/6
  3647 | D:5      | Identified Sif Muna's Incunabulum of Moulding and Air
  3932 | D:6      | Found a sand-covered staircase.
  3938 | Ossuary  | Entered an ossuary
  4456 | D:6      | Reached XP level 8. HP: 74/74 MP: 7/7
  4560 | D:6      | Reached skill level 10 in Unarmed Combat
  4680 | D:6      | Found a hazy altar of Hepliaklqana.
  4876 | D:6      | Found a glowing golden altar of the Shining One.
  5267 | D:7      | Got a transparent turquoise ring
  5643 | D:7      | Identified the ring "Vutz" {Wiz rElec Stlth+} (You found it
                  | on level 7 of the Dungeon)
  5757 | D:7      | Found a shimmering blue altar of Sif Muna.
  5848 | D:7      | Found a staircase to the Ecumenical Temple.
  6186 | D:8      | Reached XP level 9. HP: 84/84 MP: 8/8
  6669 | D:9      | Reached skill level 5 in Shields
  6833 | D:9      | Noticed a polar bear
  6836 | D:9      | Noticed a polar bear
  6854 | D:9      | Killed a polar bear
  6854 | D:9      | Reached skill level 5 in Fighting
  6863 | D:9      | Killed a polar bear
  6863 | D:9      | Reached XP level 10. HP: 39/96 MP: 9/9
  7230 | D:9      | Reached skill level 5 in Dodging
  7272 | D:9      | Found a basalt altar of Yredelemnul.
  7429 | D:9      | Found an ornate altar of the Wu Jian Council.
  7661 | D:10     | Entered Level 10 of the Dungeon
  7769 | D:10     | Noticed a gargoyle
  7777 | D:10     | Killed a gargoyle
  7799 | D:10     | Got a translucent mace
  7887 | D:10     | Noticed a two-headed ogre
  7907 | D:10     | Noticed a swamp dragon
  7907 | D:10     | a two-headed ogre changed into a swamp dragon
  8182 | D:10     | Killed a swamp dragon
  8530 | D:10     | Noticed a two-headed ogre
  8539 | D:10     | Killed a two-headed ogre
  8539 | D:10     | Reached XP level 11. HP: 101/111 MP: 10/10
  8679 | D:11     | Noticed a cyan ugly thing
  8686 | D:11     | Killed a cyan ugly thing
  8707 | D:11     | Found a portal to a secret trove of treasure.
  8881 | D:11     | Found a staircase to the Lair.
  9208 | D:11     | Found a white marble altar of Elyvilon.
  9678 | D:12     | Noticed a boulder beetle
  9780 | D:12     | Killed a boulder beetle
  9944 | D:12     | Identified a scroll of acquirement
  9945 | D:12     | Acquired a manual of Unarmed Combat
 10128 | D:12     | Noticed a white ugly thing
 10150 | D:12     | Killed a white ugly thing
 10579 | D:12     | Reached skill level 15 in Unarmed Combat
 10618 | D:12     | Noticed a cyan ugly thing
 10630 | D:12     | Killed a cyan ugly thing
 10741 | D:12     | Found a staircase to the Orcish Mines.
 10747 | D:12     | Found a roughly hewn altar of Beogh.
 11012 | Lair:1   | Entered Level 1 of the Lair of Beasts
 11022 | Lair:1   | Reached XP level 12. HP: 116/119 MP: 11/11
 11050 | Lair:1   | Found a runed translucent door.
 11051 | Lair:1   | Noticed anet's ghost (journeyman GnMo)
 11052 | Lair:1   | Identified the +3 trident of Classification {venom, rPois
                  | rC+ Dex+2}
 11067 | Lair:1   | Found a frozen archway.
 11149 | IceCv    | Entered an ice cave
 12028 | Lair:2   | Noticed a six-headed hydra
 12216 | Lair:1   | Killed an 11-headed hydra
 12380 | Lair:2   | Reached skill level 1 in Evocations
 12681 | Lair:2   | Noticed Sonja
 12684 | Lair:2   | Noticed Sonja
 12684 | Lair:2   | Sonja changed into Sonja the shapeshifter
 12685 | Lair:2   | Noticed Sonja
 12685 | Lair:2   | Sonja the shapeshifter changed into Sonja the yak
 12708 | Lair:2   | Killed Sonja the yak
 12719 | Lair:2   | Noticed Harold
 12736 | Lair:2   | Killed Harold
 12854 | Lair:2   | Noticed a four-headed hydra
 12930 | Lair:1   | Killed a six-headed hydra
 13050 | Lair:2   | Reached skill level 5 in Evocations
 13726 | Lair:3   | Noticed a death yak
 13727 | Lair:3   | Noticed a death yak
 13746 | Lair:3   | Killed a death yak
 13750 | Lair:3   | Killed a death yak
 13764 | Lair:3   | Noticed a death yak
 13771 | Lair:3   | Killed a death yak
 13866 | Lair:3   | Reached XP level 13. HP: 112/127 MP: 12/12
 14503 | Lair:3   | Found a staircase to the Snake Pit.
 14742 | Lair:3   | Found a hide-covered altar of Uskayaw.
 15242 | Lair:4   | Found a gate leading to a gauntlet.
 15249 | Gauntlet | Entered a Gauntlet
 15249 | Gauntlet | Found a transporter.
 15257 | Gauntlet | Found a transporter.
 15258 | Gauntlet | Found a transporter.
 15263 | Gauntlet | Found a runed translucent door.
 15265 | Gauntlet | Found a runed translucent door.
 15267 | Gauntlet | Found a transporter.
 15269 | Gauntlet | Found a transporter.
 15272 | Gauntlet | Identified the amulet "Xed Hov" {Faith rElec rF+ Str-5}
 15279 | Gauntlet | Found a runed translucent door.
 15282 | Gauntlet | Found a transporter.
 15298 | Gauntlet | Found a transporter.
 15300 | Gauntlet | Noticed a reaper
 15308 | Gauntlet | Found a transporter.
 15318 | Gauntlet | Found a transporter.
 15324 | Gauntlet | Found a transporter.
 15325 | Gauntlet | Found a transporter.
 15354 | Gauntlet | Found a transporter.
 15354 | Gauntlet | Found a transporter.
 15408 | Gauntlet | Found a transporter.
 15701 | Gauntlet | Got an ancient hat
 15722 | Gauntlet | Identified the +0 hat of the Five of Wands {MP+9 Int-3
                  | Stlth+} (You found it in a Gauntlet)
 15792 | Gauntlet | Got a twitching sapphire amulet
 15794 | Gauntlet | Noticed a minotaur
 15838 | Gauntlet | Got an ancient brass ring
 15838 | Gauntlet | Got a twitching tin ring
 15841 | Lair:4   | Identified the amulet "Vauthre" {rC+ rN+++ Regen+ Int-2
                  | Dex+2} (You found it in a Gauntlet)
 15998 | Lair:4   | Identified the ring of Okawaru's Hope {Wiz rElec} (You
                  | found it in a Gauntlet)
 16467 | Lair:4   | Found a staircase to the Shoals.
 16768 | Lair:5   | Identified the cursed ring of Heamnit {rC+ Dex-4} (You
                  | found it in a Gauntlet)
 16897 | Lair:5   | Found a staircase to the Slime Pits.
 16898 | Lair:5   | Found a viscous altar of Jiyva.
 17690 | Lair:5   | Reached XP level 14. HP: 132/138 MP: 13/13
 18004 | Lair:6   | Entered Level 6 of the Lair of Beasts
 18075 | Lair:5   | Reached skill level 10 in Fighting
 19444 | Lair:6   | Reached skill level 1 in Throwing
 19917 | Lair:6   | Got an ichor-stained flail
 19922 | Lair:6   | Got a fading long sword
 20420 | D:13     | Reached skill level 5 in Throwing
 20928 | D:13     | Noticed Kirke
 21167 | D:12     | Killed Kirke
 21486 | D:13     | Found a gate to the Vaults.
 21623 | D:13     | Found a runed translucent gate.
 21625 | D:13     | Found a runed translucent gate.
 21625 | D:13     | Noticed Afuzoer's ghost (journeyman TrDe)
 21626 | D:13     | Found a runed translucent gate.
 21626 | D:13     | Noticed Tytiucw's ghost (journeyman OgTm)
 21626 | D:13     | Noticed Inwiecun's ghost (journeyman GrFi)
 21627 | D:13     | Noticed Wuicud's ghost (journeyman OpVM)
 21745 | D:12     | Killed Inwiecun's ghost
 21745 | D:12     | Reached XP level 15. HP: 135/153 MP: 14/14
 21937 | D:13     | Killed Wuicud's ghost
 22139 | D:13     | Killed Afuzoer's ghost
 22214 | D:13     | Acquired 1021 gold pieces
 22686 | D:14     | Got a slimy glaive
 22875 | D:15     | Entered Level 15 of the Dungeon
 22951 | D:14     | Reached skill level 10 in Dodging
 24511 | D:15     | Found a blossoming altar of Fedhas.
 24554 | D:15     | Found a sacrificial altar of Ru.
 24801 | Orc:1    | Entered Level 1 of the Orcish Mines
 25091 | Orc:2    | Entered Level 2 of the Orcish Mines
 25091 | Orc:2    | Found a staircase to the Elven Halls.
 25277 | Orc:1    | Found a dark tunnel.
 25291 | Volcano  | Entered a volcano
 25947 | Orc:2    | Found a roughly hewn altar of Beogh.
 26303 | Orc:2    | Got a steaming hat
 26303 | Orc:2    | Got a warped hat
 26312 | Orc:2    | Identified the +4 hat of Adi Zoolid {*Slow rN+ Dex+3} (You
                  | found it on level 2 of the Orcish Mines)
 26322 | Orc:2    | Identified the +1 hat "Ititt" {rF- Str+5} (You found it on
                  | level 2 of the Orcish Mines)
 26633 | Orc:2    | Found Jashon's Book Shop.
 26700 | Orc:2    | Found Ytzoj's Book Boutique.
 26741 | Orc:2    | Found an ancient bone altar of Kikubaaqudgha.
 26742 | Orc:2    | Noticed Nergalle
 26754 | Orc:2    | Killed Nergalle
 26765 | Orc:2    | Found Nites's Antique Weapon Boutique.
 26800 | Orc:2    | Found a radiant altar of Vehumet.
 26836 | Orc:2    | Found a roughly hewn altar of Beogh.
 26836 | Orc:2    | Found Rios's Magic Scroll Boutique.
 26892 | Orc:2    | Reached XP level 16. HP: 142/167 MP: 15/15
 26898 | Orc:2    | Gained mutation: You are frail. (-10% HP) [a neqoxec]
 26944 | Orc:2    | Bought a scroll of magic mapping for 56 gold pieces
 26944 | Orc:2    | Bought a scroll of teleportation for 48 gold pieces
 26944 | Orc:2    | Bought a scroll of fog for 32 gold pieces
 27224 | Orc:2    | Lost mutation: You are frail. (-10% HP) [potion of
                  | mutation]
 27224 | Orc:2    | Gained mutation: You tend to lose your temper in combat.
                  | [potion of mutation]
 27224 | Orc:2    | Gained mutation: Your mind is acute. (Int +2) [potion of
                  | mutation]
 27224 | Orc:2    | Gained mutation: You are covered in thick fur. (AC +2)
                  | [potion of mutation]
 27239 | Orc:2    | Lost mutation: Your mind is acute. (Int +2) [potion of
                  | mutation]
 27239 | Orc:2    | Gained mutation: Your muscles are strong. (Str +2) [potion
                  | of mutation]
 27239 | Orc:2    | Gained mutation: Your flesh is cold resistant. (rC+)
                  | [potion of mutation]
 27247 | Orc:2    | Bought a glowing hat for 133 gold pieces
 27254 | Orc:2    | Bought a scroll of acquirement for 780 gold pieces
 27254 | Orc:2    | Bought a scroll of enchant armour for 112 gold pieces
 27254 | Orc:2    | Acquired a +2 tower shield of protection
 27324 | Orc:2    | Bought a potion of mutation for 112 gold pieces
 27324 | Orc:2    | Lost mutation: Your flesh is cold resistant. (rC+) [potion
                  | of mutation]
 27324 | Orc:2    | Lost mutation: Your muscles are strong. (Str +2) [potion of
                  | mutation]
 27324 | Orc:2    | Lost mutation: You are covered in thick fur. (AC +2)
                  | [potion of mutation]
 27324 | Orc:2    | Lost mutation: You tend to lose your temper in combat.
                  | [potion of mutation]
 27324 | Orc:2    | Gained mutation: Scrolls take you a little longer to read.
                  | [potion of mutation]
 27324 | Orc:2    | Gained mutation: Your flesh is cold resistant. (rC+)
                  | [potion of mutation]
 27327 | Orc:2    | Bought a potion of resistance for 140 gold pieces
 27327 | Orc:2    | Bought 2 potions of invisibility for 224 gold pieces
 27327 | Orc:2    | Bought a potion of might for 56 gold pieces
 27329 | Orc:2    | Bought a potion of mutation for 104 gold pieces
 27329 | Orc:2    | Bought a potion of might for 52 gold pieces
 27329 | Orc:2    | Bought a potion of might for 52 gold pieces
 27329 | Orc:2    | Bought a potion of haste for 130 gold pieces
 27329 | Orc:2    | Lost mutation: Your flesh is cold resistant. (rC+) [potion
                  | of mutation]
 27329 | Orc:2    | Lost mutation: Scrolls take you a little longer to read.
                  | [potion of mutation]
 27329 | Orc:2    | Gained mutation: Your muscles are strong. (Str +2) [potion
                  | of mutation]
 27329 | Orc:2    | Gained mutation: You have a pair of small antennae on your
                  | head. [potion of mutation]
 27329 | Orc:2    | Lost mutation: Your muscles are strong. (Str +2) [potion of
                  | mutation]
 27329 | Orc:2    | Gained mutation: You are partially covered in icy blue
                  | scales. (AC +2) [potion of mutation]
 27520 | Snake:1  | Entered Level 1 of the Snake Pit
 28260 | Snake:1  | Found Hiwedun's Assorted Antiques.
 28287 | Lair:3   | Reached skill level 10 in Shields
 28549 | Snake:1  | Bought a glowing cloak for 247 gold pieces
 28751 | Snake:1  | Found Delaasea's Jewellery Emporium.
 28751 | Snake:1  | Found Tezym's Gadget Shop.
 28752 | Snake:1  | Found Wiga's Gadget Shop.
 28769 | Snake:1  | Bought a tin of tremorstones (3/3) for 680 gold pieces
 28769 | Snake:1  | Bought a box of beasts (3/3) for 340 gold pieces
 30174 | Snake:3  | Noticed Nikola
 30273 | Snake:2  | Killed Nikola
 30330 | Snake:2  | Reached XP level 17. HP: 142/180 MP: 16/16
 31169 | Snake:4  | Entered Level 4 of the Snake Pit
 31572 | Snake:4  | Noticed Saint Roka
 31647 | Snake:3  | Killed Saint Roka
 32115 | Snake:4  | Reached skill level 15 in Fighting
 32812 | Snake:4  | Got a serpentine rune of Zot
 33038 | Shoals:1 | Entered Level 1 of the Shoals
 33840 | Shoals:2 | Reached XP level 18. HP: 193/193 MP: 17/17
 34412 | Shoals:2 | Noticed Jorgrun
 34443 | Shoals:2 | Killed Jorgrun
 34457 | Shoals:2 | Noticed Polyphemus
 34501 | Shoals:2 | Killed Polyphemus
 35496 | Shoals:3 | Reached skill level 15 in Shields
 35945 | Shoals:4 | Entered Level 4 of the Shoals
 36187 | Shoals:4 | Noticed Ilsuiw
 36393 | Shoals:4 | Killed Ilsuiw
 36398 | Shoals:4 | Reached skill level 10 in Throwing
 37462 | Shoals:4 | Got a barnacled rune of Zot
 38007 | Vaults:1 | Entered Level 1 of the Vaults
 38007 | Vaults:1 | Found a flickering gateway to a bazaar.
 38027 | Bazaar   | Entered a bazaar
 38040 | Bazaar   | Found Gioxot's Magic Scroll Shoppe.
 38045 | Bazaar   | Found Quireot's Jewellery Shoppe.
 38053 | Bazaar   | Found Woexip's Distillery.
 38065 | Bazaar   | Found Jovimaut's Jewellery Shoppe.
 38075 | Bazaar   | Bought the ring of Phasing {EV+8} for 1920 gold pieces
 38075 | Bazaar   | Found the ring of Phasing {EV+8}
 38083 | Bazaar   | Bought a potion of heal wounds for 55 gold pieces
 38083 | Bazaar   | Bought a potion of heal wounds for 55 gold pieces
 38083 | Bazaar   | Bought a potion of haste for 110 gold pieces
 38083 | Bazaar   | Bought a potion of heal wounds for 55 gold pieces
 38083 | Bazaar   | Bought a potion of haste for 110 gold pieces
 38083 | Bazaar   | Bought 2 potions of heal wounds for 110 gold pieces
 38099 | Bazaar   | Bought a scroll of teleportation for 42 gold pieces
 38099 | Bazaar   | Bought a scroll of teleportation for 42 gold pieces
 38099 | Bazaar   | Bought a scroll of teleportation for 42 gold pieces
 38099 | Bazaar   | Bought a scroll of teleportation for 42 gold pieces
 38099 | Bazaar   | Bought a scroll of fear for 49 gold pieces
 38099 | Bazaar   | Bought a scroll of silence for 105 gold pieces
 38107 | Bazaar   | Bought a +4 ring of evasion for 396 gold pieces
 38310 | Vaults:1 | Lost intelligence.
 38460 | Vaults:1 | Reached XP level 19. HP: 199/201 MP: 18/18
 38644 | Vaults:1 | Found Ykloidum's Distillery.
 38670 | Vaults:1 | Found a runed translucent gate.
 38670 | Vaults:1 | Found a runed translucent gate.
 38670 | Vaults:1 | Found an ancient bone altar of Kikubaaqudgha.
 38670 | Vaults:1 | Found a runed translucent gate.
 38672 | Vaults:1 | Bought a potion of haste for 180 gold pieces
 38672 | Vaults:1 | Bought a potion of invisibility for 144 gold pieces
 38672 | Vaults:1 | Bought a potion of heal wounds for 90 gold pieces
 38672 | Vaults:1 | Bought 2 potions of invisibility for 288 gold pieces
 39043 | Vaults:1 | Noticed Aizul
 39172 | Vaults:1 | Killed Aizul
 39364 | Vaults:1 | Noticed an ancient lich
 39364 | Vaults:1 | Noticed an ancient lich
 39364 | Vaults:1 | Noticed an ancient lich
 39364 | Vaults:1 | Noticed Ucis's ghost (adept GrEE)
 39504 | Vaults:1 | Killed an ancient lich
 40342 | Vaults:2 | Identified Thaumaturgy, Part Three
 40914 | Vaults:2 | Noticed Margery
 40937 | Vaults:2 | Killed Margery
 40990 | Vaults:2 | Reached XP level 20. HP: 179/210 MP: 19/19
 41138 | Vaults:2 | Found Netoewi Nabo's Armour Boutique.
 41516 | Vaults:2 | Reached skill level 10 in Evocations
 42114 | Vaults:3 | Noticed a bone dragon
 42145 | Vaults:3 | Killed a bone dragon
 42230 | Vaults:3 | Found a staircase to the Crypt.
 43367 | Crypt:1  | Entered Level 1 of the Crypt
 43919 | Vaults:4 | Reached XP level 21. HP: 208/218 MP: 20/20
 44649 | Vaults:5 | Entered Level 5 of the Vaults
 44961 | Vaults:5 | Identified the cursed +1 robe of the Fletcher {rC+}
 45077 | Vaults:5 | Got a silver rune of Zot
 45501 | Vaults:5 | Identified the Tome of Congealing Shape Shifting
 45803 | Vaults:5 | Noticed a golden dragon
 45832 | Vaults:5 | Killed a golden dragon
 46077 | Vaults:5 | Identified the Incunabulum of Summoning and the Compass
 46417 | Vaults:5 | Reached XP level 22. HP: 228/236 MP: 21/21
 46917 | Vaults:5 | Found Epowefo's Gadget Shoppe.
 46917 | Vaults:5 | Found Errur's Book Shoppe.
 46921 | Vaults:5 | Found Inanuc's Book Boutique.
 46926 | Vaults:5 | Found Nyocius's Magic Scroll Shoppe.
 46933 | Vaults:5 | Bought a scroll of blinking for 90 gold pieces
 46933 | Vaults:5 | Bought a scroll of magic mapping for 42 gold pieces
 46933 | Vaults:5 | Bought a scroll of magic mapping for 42 gold pieces
 47116 | Vaults:5 | Found Nucosacu's Jewellery Boutique.
 47570 | Orc:2    | Bought a manual of Fighting for 1766 gold pieces
 47798 | D:15     | Found a staircase to the Depths.
 47832 | Depths:1 | Entered Level 1 of the Depths
 48195 | Depths:1 | Found a one-way gate to the infinite horrors of the Abyss.
 48565 | Depths:1 | Found a gateway to Hell.
 48980 | Depths:1 | Acquired +0 gold dragon scales
 49116 | Depths:2 | Noticed Sojobo
 49133 | Depths:1 | Killed Sojobo
 49437 | Depths:2 | Paralysed by a floating eye for 3 turns
 49448 | Depths:2 | Reached skill level 5 in Armour
 49535 | Depths:2 | Noticed a golden dragon
 49549 | Depths:2 | Killed a golden dragon
 49692 | Depths:2 | Identified the Compendium of the Hills
 49755 | Depths:2 | Reached XP level 23. HP: 220/247 MP: 22/22
 50207 | Depths:2 | Found a gateway to a ziggurat.
 50847 | Depths:3 | Reached skill level 10 in Armour
 50996 | Depths:3 | Found a one-way gate leading to the halls of Pandemonium.
 51067 | Depths:3 | Found an ancient bone altar of Kikubaaqudgha.
 51067 | Depths:3 | Noticed an ancient lich
 51088 | Depths:3 | Killed an ancient lich
 52048 | Depths:4 | Noticed a juggernaut
 52063 | Depths:4 | Killed a juggernaut
 52117 | Depths:4 | Paralysed by a floating eye for 2 turns
 52400 | Depths:4 | Found Bibba's Jewellery Boutique.
 52528 | Depths:4 | Reached XP level 24. HP: 264/264 MP: 22/22
 52628 | Depths:4 | Found the +2 hood of the Assassin {Detection Stab+ Stlth++}
 52632 | Depths:4 | Found a shadowy altar of Dithmenos.
 52660 | Depths:4 | Got fine shadow dragon scales
 52661 | Depths:4 | Identified the cursed +0 shadow dragon scales of the Frog
                  | {+Fly Str+7 Dex-3 SInv Stlth++++} (You found it on level 4
                  | of the Depths)
 52916 | Depths:5 | Entered Level 5 of the Depths
 53006 | Depths:5 | Found a gate to the Realm of Zot.
 53072 | Zot:1    | Entered Level 1 of the Realm of Zot
 53121 | Depths:5 | Reached skill level 15 in Throwing
 53974 | Zot:2    | Noticed a Killer Klown
 53975 | Zot:2    | Noticed a Killer Klown
 54025 | Zot:2    | Killed a Killer Klown
 54101 | Zot:2    | Killed a Killer Klown
 54400 | Zot:5    | Entered Level 5 of the Realm of Zot
 54475 | Zot:5    | Reached XP level 25. HP: 262/271 MP: 22/22
 54513 | Zot:5    | Noticed an ancient lich
 54514 | Zot:5    | Noticed an ancient lich
 54515 | Zot:5    | Noticed a Killer Klown
 54524 | Zot:5    | Noticed a Killer Klown
 54526 | Zot:5    | Noticed an ancient lich
 54527 | Zot:5    | Noticed an orb of fire
 54527 | Zot:5    | Noticed a Killer Klown
 54529 | Zot:5    | Noticed an orb of fire
 54566 | Zot:5    | Noticed an orb of fire
 54569 | Zot:5    | Got the Orb of Zot
 54573 | Zot:5    | Killed a Killer Klown
 54607 | Zot:5    | Killed an ancient lich
 54636 | Zot:5    | Killed a Killer Klown
 55206 | D:1      | gg
 55207 | D:$      | Escaped with the Orb!

Illustrated notes

........###...........##.#
........##..'########..#.##
........#..##.......##....#
..........##.#######.##...#
.........##.##...≈.##.##..#
.........#.##.#####.##.#..#
#####.#..#.#..#...##.#.#..#
#.#..#≈#)#{###.#.#.#..#
#.#..#.#.#.#@#≈#.#.#..#
#.#..#.#.#.#'#.#.#.#..#
#.#..#.#.##...##.'.#.##
#.#..#.##.#####.##.#{#
#####.#..##.##.....##.##.#
......#)..'#.#######.##{{#
#######.#..##.......##.{##
#.....##.)#########{..#
#.#######...........#.#


Turn 55206 on D:1: gg

Levels and vault maps discovered:
D:1:      evilmike_arrival_rings, layout_basic, minmay_indecisive_spiral
D:2:      minmay_general_purpose_star, layout_basic,
          nicolae_overflow_hidden_temple, minmay_pentomino_t4
D:3:      layout_loops_cross, nicolae_gozag_seed_capital, uniq_sigmund
D:4:      layout_gridville
D:5:      layout_rooms, gammafunk_temple_overflow_forgotten, serial_shops, shop
D:6:      layout_cave_pods, lemuel_coloured_pillars_altar,
          nicolae_tso_besieged_by_evil, nicolae_ossuary_entry_plus,
          minmay_gold_behind_fungi
D:7:      kennysheep_orc_sif_temple, layout_layer_cave,
          minmay_temple_entry_statues_fountains, serial_glass, glass_columns_c,
          glass_columns_a, glass_columns_c, glass_columns_b, glass_columns_a
D:8:      layout_cave_pools, serial_column_ruins, column_ruins_square_large,
          column_ruins_open_small, column_ruins_grid_2, column_ruins_open_tiny,
          column_ruins_open_tiny, column_ruins_open_tiny
D:9:      layout_roguey, lemuel_doored_altar, serial_ice, serial_ice_d,
          serial_ice_n, serial_ice_g, serial_ice_l, serial_ice_h, serial_ice_a,
          minmay_statues_item, david_defended_altar_elf
D:10:     layout_roguey
D:11:     layout_loops_corners, david_lair_shrubbed,
          nicolae_trove_entry_columns, elyvilon_altar_3
D:12:     layout_irregular_city, minmay_orc_entry_temple_small
D:13:     layout_gridville, skrybe_vaults_entry_preservation,
          gammafunk_ghost_cemetery, minivault_14, uniq_kirke
D:14:     layout_roguey, item_on_display_b
D:15:     grunt_enter_depths_hoard, layout_basic, serial_ice, serial_ice_g,
          serial_ice_e, serial_ice_i, serial_ice_o,
          nicolae_ru_sacrificial_ziggurat, fedhas_altar_2
Lair:1:   layout_hall_layers, portal_ice_cave_entry_imps,
          ebering_ghost_funeral_grove
Lair:2:   layout_regular_city, uniq_harold, uniq_sonja
Lair:3:   layout_cave_pods, minmay_snake_entry_guardpost_small,
          lemuel_centaur_altar, lemuel_fruit_tree
Lair:4:   layout_regular_city, minmay_shoals_entry_beasts,
          gauntlet_entry_generic
Lair:5:   layout_cave_shapes, slime_altar_1, minivault_25,
          minmay_shattered_shrine, infiniplex_staircase_pool
Lair:6:   due_jungle_book, layout_long_grid, st_stairs_8, serial_bayou_shore_b,
          serial_bayou_shore_a, grunt_megastairs_2
Shoals:1: layout_shoals
Shoals:2: layout_shoals, uniq_jorgrun, uniq_polyphemus
Shoals:3: layout_shoals
Shoals:4: shoals_end_grunt_ice, layout_shoals, shoals_ilsuiw_ice,
          nicolae_shoals_seven_spires
Snake:1:  layout_onion, serial_shops, shop, grunt_megastairs_4,
          minmay_shop_grove
Snake:2:  layout_basic
Snake:3:  layout_onion_interference, serial_bayou_shore_b, grunt_megastairs_5,
          uniq_nikola
Snake:4:  minmay_snake_end_coiled, layout_cave_town, uniq_saint_roka
Orc:1:    layout_caves, nicolae_volcano_entry_lava_flow, lightli_orcish_oven
Orc:2:    kennysheep_orc_mage_school, layout_caves, basic_altar,
          hangedman_minor_magic
Vaults:1: gammafunk_vaults_ghost_crypt, v_misc_1, hangedman_vaults_river_flow,
          hangedman_vaults_variations, v_misc_4,
          vaults_room_grunt_arrival_ludios, ontoclasm_vaults_ring_small,
          nicolae_vaults_ninety_degrees, nicolae_vaults_shelves_hall,
          layout_vaults_big_room, serial_shops, bzr_entry_water, shop,
          uniq_aizul
Vaults:2: hangedman_vaults_restitches, nicolae_vaults_little_squares_1,
          nicolae_vaults_network_star, nicolae_vaults_network_periphery,
          grunt_vaults_twisty, hangedman_vaults_pinch, vaults_standard_mumra_x,
          nicolae_vaults_little_squares_2, vaults_dpeg_doors,
          nicolae_vaults_little_ls, layout_vaults_ring, serial_shops, shop,
          uniq_margery
Vaults:3: hangedman_vaults_impose, nicolae_vaults_border_crossing,
          nicolae_vaults_network_square, vaults_dpeg_cross,
          minmay_crypt_entry_nasty_monster, hangedman_vaults_hat,
          vaults_mumra_hex, vaults_dpeg_spiral, nicolae_vaults_little_squares_4,
          vaults_room_fours, v_misc_1, ontoclasm_vaults_gateway,
          ontoclasm_vaults_loading_screen, nicolae_vaults_little_squares_3,
          layout_vaults_maze
Vaults:4: v_rooms_2, ontoclasm_vaults_ligature, nicolae_vaults_network_s,
          ontoclasm_vaults_chip, v_misc_8, vaults_room_semicircle,
          nicolae_vaults_network_quincunx
          [nicolae_vaults_network_quincunx_subvault,
          nicolae_vaults_network_quincunx_subvault,
          nicolae_vaults_network_quincunx_subvault,
          nicolae_vaults_network_quincunx_subvault,
          nicolae_vaults_network_quincunx_subvault], v_misc_25,
          vaults_room_pools, layout_vaults_omnicross
Vaults:5
Crypt:1:  layout_misc_corridors, uniq_mara, uniq_xtahua
Depths:1: layout_gridlike, minmay_room_of_horrors, serial_rivers,
          chequers_serial_rivers_micro_b, chequers_serial_rivers_marsh,
          chequers_serial_rivers_micro_c, chequers_serial_rivers_room_b,
          hangedman_decor_diamond_cutter, grunt_hell_entry_dis_grunt,
          hangedman_abyss_or_decor_passed, grunt_ministairs_1,
          minmay_misc_feat_plants, kennysheep_generic_room_8
Depths:2: minmay_the_grid_3x2 [minmay_the_grid_holed_spiral,
          minmay_the_grid_stretched_grid, minmay_the_grid_empty,
          minmay_the_grid_minigrid_small, minmay_the_grid_outer_circle,
          minmay_the_grid_prize_four_corners_diamond_b], layout_gridlike,
          enter_ziggurat_a, hangedman_coc_ice_floe,
          chequers_serial_rivers_small_3, uniq_sojobo
Depths:3: evilmike_negative_zone, layout_cave_pools, hell_entry,
          chequers_serial_rivers_micro_c, pan_entry,
          infiniplex_staircase_diamond
Depths:4: regret_index_dithmenos_brocken_genspenst, layout_cave_pools,
          hell_entry, small_statue_intersection, abyss_entry, serial_shops,
          shop, infiniplex_staircase_door_maze, serial_bayou_shore_b
Depths:5: grunt_zot_entry_tricorne, layout_twisted_cross, serial_shops, shop,
          serial_bayou_lagoon_a, hell_entry, guppyfry_shop_blood
Zot:1:    layout_misc_corridors, hangedman_snap_crack_crunch, uniq_tiamat
Zot:2:    grunt_zot_stairs_faceoff, layout_onion_interference
Zot:3:    layout_gridville
Zot:4:    layout_cellular_growth, grunt_megastairs_3
Zot:5:    layout_twisted_circle

Skill      XL: |  1  2  3  4  5  6  7  8  9 10 11 12 13 14 15 16 17 18 19 20 21 22 23 24 25 |
---------------+----------------------------------------------------------------------------+-----
Unarmed Combat | 3 4 5 6 7 9 11 15 17 19 20 | 20.3
Fighting       | 4 5 8 9 11 12 14 15 17 18 20 | 20.4
Dodging        | 4 6 7 9 11 13 | 13.2
Shields        | 6 9 11 13 15 | 15.0
Evocations     | 5 6 9 10 | 10.0
Throwing       | 7 8 11 14 18 | 18.0
Armour         | 7 11 12 | 12.0

Action                   |  1- 3 |  4- 6 |  7- 9 | 10-12 | 13-15 | 16-18 | 19-21 | 22-24 | 25-27 || total
-------------------------+-------+-------+-------+-------+-------+-------+-------+-------+-------++-------
Melee: Unarmed           |   105 |   121 |   366 |   666 |  1372 |  1678 |  1765 |  1971 |    63 ||  8107
Throw: Large rock        |       |       |       |     4 |    12 |    39 |    43 |       |       ||    98
       Javelin           |       |       |       |     1 |     7 |       |    26 |     2 |       ||    36
       Throwing net      |       |       |       |       |       |       |       |       |     1 ||     1
Invok: Call Merchant     |       |       |       |       |       |     4 |       |       |       ||     4
       Potion Petition   |       |       |       |       |       |     2 |       |       |       ||     2
       Bribe Branch      |       |       |       |       |       |       |       |       |     3 ||     3
 Abil: Evoke Flight      |       |       |       |       |       |     3 |       |       |       ||     3
       Stop Flying       |       |       |       |       |       |     1 |       |       |       ||     1
Evoke: Wand              |       |       |       |     4 |    18 |    28 |     1 |     2 |     3 ||    56
       Phantom mirror    |       |       |       |       |     3 |     1 |       |     1 |       ||     5
       Tin of tremorston |       |       |       |       |       |     7 |     7 |     1 |       ||    15
       Box of beasts     |       |       |       |       |       |     5 |     5 |       |       ||    10
       Condenser vane    |       |       |       |       |       |       |     1 |     2 |       ||     3
       Phial of floods   |       |       |       |       |       |       |       |     1 |       ||     1
  Use: Scroll            |       |    10 |     3 |    11 |    19 |    10 |     7 |    13 |     2 ||    75
       Potion            |       |       |       |     5 |    11 |     8 |     5 |     3 |    10 ||    42
 Stab: Sleeping          |       |       |     3 |     6 |     3 |     3 |     2 |     1 |       ||    18
       Distracted        |       |       |       |     7 |    10 |    14 |    12 |    11 |     1 ||    55
       Petrified         |       |       |       |       |     1 |     4 |       |       |       ||     5
       Invisible         |       |       |       |       |       |     3 |     2 |    13 |       ||    18
       Petrifying        |       |       |       |       |       |     1 |     1 |       |       ||     2
       Paralysed         |       |       |       |       |       |       |     1 |       |       ||     1
Armor: Robe              |    26 |    23 |    72 |    92 |   126 |   147 |    99 |    36 |       ||   621
       Skin              |       |       |       |    21 |    13 |       |       |       |       ||    34
       Gold dragon scale |       |       |       |       |       |       |       |   258 |    17 ||   275
Dodge: Dodged            |    27 |    18 |    92 |   229 |   518 |   437 |   460 |   415 |    20 ||  2216
Block: Kite shield       |    29 |    48 |   139 |   341 |   637 |     1 |       |       |       ||  1195
       Reflection        |       |       |       |       |    19 |       |       |       |       ||    19
       Tower shield      |       |       |       |       |       |  1869 |  1387 |  1690 |    68 ||  5014

Table legend: (Time is in decaauts)
 A = Elapsed time spent in this place.
 B = Non-inter-level travel time spent in this place.
 C = Inter-level travel time spent in this place.
 D = Time resting spent in this place.
 E = Time spent auto-exploring this place.
 F = Levels seen in this place.
 G = Mean time per level.
                   A        B        C        D        E       F      G
               +--------+--------+--------+--------+--------+-----+--------+
         Total |  53262 |  49471 |   3791 |   5123 |  22781 |  52 | 1024.3 |
       Dungeon |  16242 |  14599 |   1643 |   1752 |   7773 |  15 | 1082.8 |
          Lair |   8580 |   7927 |    653 |   1039 |   4209 |   6 | 1430.0 |
        Shoals |   4962 |   4664 |    298 |    711 |   1778 |   4 | 1240.5 |
     Snake Pit |   5022 |   4742 |    280 |    413 |   1869 |   4 | 1255.5 |
  Orcish Mines |   2275 |   2031 |    244 |     89 |    624 |   2 | 1137.5 |
        Vaults |   8422 |   8079 |    343 |    405 |   3797 |   5 | 1684.4 |
         Crypt |      5 |      5 |      0 |      0 |      0 |   1 |    5.0 |
        Depths |   5078 |   4854 |    224 |    315 |   2450 |   5 | 1015.6 |
           Zot |   1307 |   1204 |    103 |    161 |      0 |   5 |  261.4 |
        Bazaar |    143 |    143 |      0 |      0 |     45 |   1 |  143.0 |
       Ossuary |    184 |    184 |      0 |      2 |     12 |   1 |  184.0 |
      Ice Cave |     94 |     94 |      0 |     12 |      0 |   1 |   94.0 |
       Volcano |    365 |    365 |      0 |     98 |      0 |   1 |  365.0 |
      Gauntlet |    578 |    578 |      0 |    124 |    222 |   1 |  578.0 |
               +--------+--------+--------+--------+--------+-----+--------+

Top non-repeatable levels by time:
Vaults:5: 2292 daAuts
    D:13: 1913 daAuts
  Lair:3: 1877 daAuts
Vaults:1: 1777 daAuts
  Lair:6: 1769 daAuts
Vaults:2: 1744 daAuts
    D:12: 1637 daAuts
 Snake:4: 1595 daAuts
   Orc:2: 1592 daAuts
Shoals:4: 1543 daAuts
  Lair:1: 1538 daAuts
    D:15: 1473 daAuts
  Lair:5: 1430 daAuts
Depths:1: 1356 daAuts
Vaults:3: 1343 daAuts
